 Dungeon Crawl Stone Soup version 0.29.1-15-g9cfb28693d (webtiles) character file.

Game seed: 8811384543949416493

99 Artool the Cudgeller (level 4, -6/34 HPs)
             Began as a Demonspawn Gladiator on Apr 5, 2023.
             Mangled by a gnoll
             ... wielding a +0 halberd
              (12 damage)
             ... on level 2 of the Dungeon.
             The game lasted 00:02:43 (2254 turns).

Artool the Cudgeller (Demonspawn Gladiator)         Turns: 2254, Time: 00:02:43

Health: -6/34      AC:  4    Str: 14    XL:     4   Next: 45%
Magic:  4/4        EV: 13    Int: 10    God:
Gold:   38         SH:  0    Dex: 16    Spells: 3/3 levels left

rFire   . . .      SeeInvis .   g - +0 whip
rCold   . . .      Faith    .   (no shield)
rNeg    . . .      Spirit   .   b - +0 leather armour
rPois   .          Reflect  .   c - +0 helmet
rElec   .          Harm     .   (no cloak)
rCorr   .          Rampage  .   (no gloves)
Will    .....                   (no boots)
Stlth   +.........              (no amulet)
HPRegen 0.11/turn               (no ring)
MPRegen 0.09/turn               (no ring)

@: no status effects
A: claws 1, ignite blood 1
a: no special abilities


You were on level 2 of the Dungeon.
You visited 1 branch of the dungeon, and saw 2 of its levels.

You collected 38 gold pieces.

Inventory:

Hand Weapons
 a - a +0 flail
 g - a +0 whip (weapon)
Missiles
 d - 3 throwing nets (quivered)
 e - a javelin
Armour
 b - a +0 leather armour (worn)
 c - a +0 helmet (worn)
Scrolls
 h - a scroll of magic mapping {unknown}
Potions
 f - 4 potions of curing {unknown}
 i - a potion of invisibility {unknown}
 j - 2 potions of attraction {unknown}
 k - 3 potions of haste {unknown}
 l - a potion of berserk rage {unknown}
 m - a potion of brilliance {unknown}


   Skills:
 + Level 2.9 Fighting
 + Level 3.3 Maces & Flails
 - Level 2.0 Throwing
 + Level 1.5 Armour
 + Level 3.3 Dodging


You had 3 spell levels left.
You didn't know any spells.
Your spell library was empty.

Dungeon Overview and Level Annotations

Branches:
Dungeon (2/15)

Altars:


Innate Abilities, Weirdness & Mutations

You have sharp fingernails.
Your demonic aura sometimes causes spilled blood to erupt in flames.


Message History

The gnoll is engulfed in blazing flames.
You kill the gnoll!
No target in view!
No target in view!
You start resting.
HP restored.
You climb downwards.
The gnoll hits you with a +0 halberd. The gnoll misses you.
There is a stone staircase leading up, spattered with blood here.
You closely miss the gnoll. The gnoll closely misses you.
You hit the gnoll but do no damage. The gnoll hits you with a +0 halberd.
You hit the gnoll.
The gnoll is lightly wounded.
The gnoll hits you with a +0 halberd!
You closely miss the gnoll. The gnoll misses you.
You hit the gnoll.
The gnoll is lightly wounded.
The gnoll hits you with a +0 halberd!
* * * LOW HITPOINT WARNING * * *
You are too injured to fight recklessly!
You are too injured to fight recklessly!
You hit the gnoll.
The gnoll is moderately wounded.
The gnoll closely misses you.
You hit the gnoll but do no damage.
The gnoll is moderately wounded.
The gnoll closely misses you.
You hit the gnoll.
The gnoll is moderately wounded.
You hit the gnoll.
The gnoll is heavily wounded.
The gnoll hits you with a +0 halberd.
* * * LOW HITPOINT WARNING * * *
You hit the gnoll.
The gnoll is almost dead.
The gnoll barely misses you.
You hit the gnoll.
The gnoll is almost dead.
The gnoll hits you with a +0 halberd!
You die...

..g..###...g###.......
.....#
#..##.#..###.#.##
.....# #...g....# ....
##.#.# #..##....#
..... ##.#.#
#..###.#.# .....
##.#.# #..###.#.#
...... ##.#$#
#......#.##.[....
##.#.. .[.......g...#
##........@...#
##.###...#####
#.##...## #.......
.##... # ##.# #.


You could see a gnoll.

Vanquished Creatures
  2 gnolls (D:1)
  4 adders (D:2)
  2 dart slugs
  3 endoplasms
  3 hobgoblins (D:1)
  2 jackals (D:1)
  4 kobolds (D:1)
  3 quokkas (D:1)
  5 ball pythons (D:1)
  4 bats
  3 frilled lizards (D:1)
  6 rats
41 creatures vanquished.

Notes
Turn   | Place    | Note
-------+----------+-------------------------------------------
     0 | D:1      | Artool the Demonspawn Gladiator began the quest for the
                  | Orb.
     0 | D:1      | Reached XP level 1. HP: 16/16 MP: 1/1
   445 | D:1      | Gained mutation: You have sharp fingernails. [demonic
                  | ancestry]
   445 | D:1      | Reached XP level 2. HP: 21/22 MP: 2/2
  1110 | D:1      | Reached XP level 3. HP: 27/28 MP: 3/3
  1602 | D:2      | Reached skill level 1 in Armour
  1776 | D:2      | Gained mutation: Your demonic aura sometimes causes spilled
                  | blood to erupt in flames. [demonic ancestry]
  1776 | D:2      | Reached XP level 4. HP: 15/34 MP: 4/4
  2254 | D:2      | Mangled by a gnoll

Illustrated notes

Levels and vault maps discovered:
D:1:      lightli_arrival_statuegarden, layout_basic
D:2:      layout_loops_ring, nicolae_ecumenical_lake_church

Skill      XL: |  1  2  3 |
---------------+----------+-----
Throwing       | 2 |  2.0
Maces & Flails | 3 |  3.3
Dodging        | 3 |  3.3
Armour         | 1 |  1.5
Fighting       | |  2.9

Action                   |  1- 3 |  4- 6 || total
-------------------------+-------+-------++-------
Melee: Whip              |   149 |    26 ||   175
       Flail             |    10 |       ||    10
       Punch             |     1 |       ||     1
 Stab: Sleeping          |     1 |       ||     1
Armor: Leather armour    |    44 |     4 ||    48
Dodge: Dodged            |   113 |    22 ||   135
